Map: Romanticide LE

Players

Erik

  • Race: Zerg Zerg

Kelazhur - Winner!

  • Race: Terran Terran

Event: DreamHack SC2 Masters 2021 Winter

VOD

Have the link to the VOD?

Description

Time

  • Played on: Sept. 29, 2021, 5:45 p.m.
  • Length: 20:54

All games in this series

Show
View Real Time Build Order
Export as new Build Order

Erik Zerg 

Build Orders: Hatch First 

Get SALT Encoding   

  12  0:00  Drone  
  13  0:12  Overlord  
  13  0:17  Drone  
  14  0:30  Drone x2  
  16  0:47  Hatchery  
  15  0:51  Drone  
  15  0:54  Drone  
  17  0:57  Drone  
  18  1:09  Extractor  
  17  1:13  Spawning Pool  
  17  1:15  Drone  
  17  1:18  Drone  
  18  1:28  Drone  
  19  1:39  Drone  
  20  1:49  Drone  
  21  1:59  Queen x2  
  21  2:00  Zergling x4  
  27  2:10  Drone  
  28  2:17  Hatchery  
  28  2:20  Overlord  
  27  2:24  Drone  
  28  2:37  Drone  
  28  2:39  Drone x2  
  28  2:42  Metabolic Boost  
  28  2:44  Queen  
  32  2:51  Overlord  
  32  2:53  Drone  
  32  2:55  Drone  
  32  2:57  Drone  
  35  3:05  Drone  
  36  3:11  Drone x2  
  38  3:17  Overlord  
  39  3:20  Drone x3  
  39  3:22  Queen  
  43  3:30  Queen  
  43  3:31  Drone x2  
  43  3:33  Drone  
  48  3:35  Drone  
  49  3:41  Drone  
  49  3:42  Drone x3  
  49  3:47  Extractor  
  52  3:51  Overlord  
  52  3:54  Overlord  
  53  3:58  Zergling x6  
  53  4:01  Drone  
  57  4:08  Queen  
  59  4:10  Overlord  
  59  4:11  Drone, Queen  
  59  4:12  Drone  
  60  4:18  Drone x4  
  64  4:26  Drone x5  
  69  4:33  Lair  
  69  4:35  Drone  
  69  4:36  Baneling Nest, Extractor  
  68  4:43  Zergling x12  
  72  4:48  Drone x3  
  72  4:51  Drone  
  76  4:55  Extractor  
  76  4:56  Drone  
  76  4:58  Drone  
  77  5:02  Evolution Chamber x2  
  77  5:04  Drone x2  
  77  5:05  Drone x2  
  79  5:11  Spore Crawler  
  79  5:12  Spore Crawler  
  77  5:15  Hatchery  
  77  5:17  Overlord  
  77  5:20  Drone x2, Extractor  
  77  5:21  Drone x2  
  79  5:26  Overlord  
  79  5:31  Zerg Ground Armor Level 1, Zerg Melee Weapons Level 1  
  79  5:33  Drone x2  
  79  5:48  Centrifugal Hooks  
  79  5:49  Drone x3  
  81  5:50  Drone  
  81  5:51  Drone  
  81  5:54  Drone x6  
  81  5:56  Overlord  
  89  6:00  Overlord  
  89  6:02  Burrow  
  89  6:03  Overlord  
  89  6:10  Pneumatized Carapace  
  89  6:12  Zergling x2  
  89  6:13  Baneling  
  89  6:14  Baneling x3  
  89  6:16  Zergling x16  
  96  6:30  Hatchery  
  95  6:33  Zergling x20  
  95  6:35  Overseer  
  105  6:52  Spore Crawler  
  105  6:53  Zergling x2  
  105  6:54  Zergling x18, Spore Crawler  
  113  7:05  Baneling  
  113  7:06  Baneling x5  
  107  7:09  Zergling x14  
  108  7:17  Zergling x10  
  108  7:22  Baneling x5  
  113  7:26  Drone x5  
  117  7:42  Zerg Melee Weapons Level 2  
  117  7:43  Zerg Ground Armor Level 2  
  117  7:44  Drone x2  
  117  7:45  Drone x2  
  117  7:47  Extractor  
  117  7:48  Queen  
  117  7:49  Infestation Pit  
  117  7:50  Zergling x2  
  117  7:51  Zergling x8  
  126  7:54  Overlord  
  126  8:00  Baneling x8  
  126  8:01  Overlord  
  126  8:02  Overlord  
  126  8:06  Overlord  
  126  8:10  Overlord x2  
  126  8:14  Overseer  
  126  8:15  Hatchery  
  126  8:16  Zergling x18  
  126  8:19  Baneling x7  
  134  8:20  Overseer  
  123  8:33  Zergling x28  
  129  8:44  Zergling x16  
  133  9:00  Zergling x2  
  133  9:01  Zergling x16  
  136  9:08  Hive  
  136  9:09  Zergling x6  
  136  9:12  Hatchery  
  122  9:22  Baneling  
  122  9:23  Baneling x11  
  121  9:30  Drone x4  
  121  9:31  Zergling x14  
  132  9:37  Baneling x3  
  127  9:40  Zergling x2  
  127  9:41  Zergling x18  
  127  9:44  Baneling x3  
  127  9:45  Baneling x10  
  136  9:50  Zergling x8  
  138  10:00  Zergling x2  
  138  10:01  Zergling x18  
  148  10:11  Zergling x10  
  148  10:12  Zergling x8  
  151  10:28  Zergling x24  
  146  10:47  Drone x2  
  146  10:48  Drone x2, Zergling x12  
  146  10:49  Zergling x2  
  151  10:54  Adrenal Glands  
  151  10:55  Zerg Melee Weapons Level 3, Zerg Ground Armor Level 3  
  151  10:56  Viper x2  
  139  11:00  Zergling x14  
  139  11:02  Hatchery  
  143  11:08  Baneling x3  
  143  11:10  Zergling x20  
  148  11:14  Drone  
  148  11:18  Hatchery  
  146  11:19  Baneling x11  
  146  11:20  Baneling  
  146  11:23  Zergling x4  
  146  11:24  Zergling x4  
  144  11:46  Zergling x28  
  141  12:00  Zergling x16  
  141  12:01  Zergling x2  
  150  12:03  Baneling x18  
  150  12:11  Zergling x16  
  150  12:12  Baneling  
  150  12:13  Baneling x4  
  150  12:14  Drone x2  
  159  12:17  Drone  
  132  12:33  Zergling x2  
  132  12:34  Zergling x30  
  132  12:36  Drone  
  139  12:44  Drone x2  
  139  12:45  Drone  
  139  12:51  Zergling x22  
  138  12:54  Spore Crawler  
  138  12:55  Overseer x3, Spore Crawler  
  132  12:58  Zergling x2  
  132  12:59  Zergling x8  
  132  13:00  Baneling  
  132  13:01  Baneling x15  
  132  13:05  Zergling x8  
  132  13:14  Zergling x16  
  131  13:29  Zergling x30  
  138  13:43  Baneling  
  138  13:44  Baneling x7  
  138  13:45  Zergling x2  
  138  13:46  Zergling x16  
  138  13:57  Zergling x10  
  138  13:58  Zergling x18  
  139  14:14  Zergling x22  
  130  14:29  Zergling x4  
  130  14:30  Zergling x22  
  129  14:36  Zergling x24  
  127  14:49  Zergling x18  
  133  14:56  Baneling  
  133  14:57  Baneling x12  
  133  15:00  Zergling x14  
  140  15:08  Hatchery  
  140  15:11  Zergling x28  
  153  15:24  Zergling x4  
  153  15:26  Overlord x2  
  151  15:34  Overlord  
  151  15:35  Overlord  
  142  15:37  Zergling x36  
  151  15:45  Zergling x2  
  151  15:46  Zergling x6  
  155  15:52  Zergling x8  
  134  16:18  Zergling x30  
  124  16:19  Zergling x6  
  135  16:27  Drone  
  135  16:28  Drone x4  
  137  16:34  Hatchery  
  137  16:37  Viper x3  
  144  16:49  Baneling x2  
  144  16:50  Baneling x9  
  144  16:51  Zergling x4  
  144  16:52  Zergling x8  
  150  16:59  Drone  
  132  17:22  Zergling x50  
  142  17:25  Baneling x5  
  142  17:26  Baneling x8  
  141  17:34  Zergling x20  
  141  17:35  Zergling x2  
  123  17:53  Zergling x2  
  123  17:54  Zergling x28  
  123  17:58  Overseer  
  120  18:05  Drone x2  
  118  18:10  Zergling x22  
  128  18:19  Baneling x2  
  128  18:20  Baneling x16  
  128  18:23  Overseer x2  
  128  18:25  Zergling x8  
  122  18:41  Zergling x26  
  121  18:59  Zergling x28  
  130  19:16  Zergling x2  
  130  19:17  Zergling x18  
  133  19:24  Baneling x11  
  127  19:43  Hatchery  
  123  19:50  Zergling x2  
  123  19:51  Zergling x4  
  119  19:57  Baneling x8  
  106  20:02  Zergling x6  
  106  20:03  Zergling x28  
  94  20:17  Zergling x12  
  94  20:18  Zergling x2  
  68  20:35  Zergling x2  
Show
View Real Time Build Order
Export as new Build Order

Kelazhur Terran - Winner!

Build Orders: Reaper Expand, Hellion Banshee 

Get SALT Encoding   

  12  0:00  SCV  
  13  0:12  SCV  
  14  0:17  Supply Depot  
  14  0:24  SCV  
  15  0:38  SCV  
  15  0:40  Barracks  
  15  0:42  Refinery  
  16  0:50  SCV  
  17  1:03  SCV  
  18  1:15  SCV  
  19  1:26  Reaper  
  19  1:27  Orbital Command  
  20  1:38  Command Center  
  20  1:48  Supply Depot  
  20  1:52  SCV  
  21  1:58  Marine  
  22  2:03  Factory  
  22  2:08  SCV  
  23  2:20  Barracks Reactor, SCV  
  24  2:32  SCV  
  25  2:40  Command Center  
  25  2:44  SCV  
  26  2:51  Orbital Command  
  26  2:56  SCV  
  27  3:03  Hellion x2  
  31  3:08  SCV  
  32  3:18  SCV  
  33  3:20  Starport, SCV  
  33  3:26  Hellion  
  36  3:29  Hellion  
  36  3:30  SCV  
  36  3:32  Barracks Tech Lab  
  36  3:33  SCV  
  40  3:42  SCV  
  40  3:45  SCV  
  42  3:51  Hellion x2  
  42  3:52  Orbital Command  
  42  3:54  SCV  
  47  3:57  SCV  
  48  4:03  Refinery  
  48  4:04  Banshee  
  48  4:07  SCV  
  48  4:09  SCV  
  53  4:11  Barracks Tech Lab  
  53  4:12  Supply Depot  
  53  4:19  SCV  
  53  4:21  SCV  
  53  4:23  SCV  
  56  4:25  Barracks  
  56  4:28  Barracks  
  56  4:31  SCV, Factory Reactor  
  57  4:32  Marine  
  57  4:33  SCV  
  57  4:35  SCV  
  57  4:36  Supply Depot  
  60  4:43  SCV  
  60  4:45  SCV  
  61  4:47  SCV  
  61  4:49  Marine  
  63  4:54  Stimpack  
  63  4:55  SCV  
  63  4:57  SCV, Refinery  
  63  4:58  Refinery  
  63  4:59  SCV, Engineering Bay  
  64  5:00  Engineering Bay, Starport Reactor  
  64  5:07  SCV  
  64  5:08  Marine  
  64  5:09  Supply Depot, SCV  
  64  5:11  SCV  
  68  5:17  Marine x2  
  68  5:19  SCV  
  68  5:20  Barracks  
  71  5:21  SCV, Orbital Command  
  71  5:22  Barracks  
  71  5:26  Terran Infantry Weapons Level 1  
  71  5:27  Terran Infantry Armor Level 1  
  72  5:29  Marine  
  72  5:31  Marine  
  74  5:36  Marine x3  
  74  5:40  Siege Tank  
  80  5:47  Marine  
  80  5:48  Medivac  
  80  5:54  Marine x2  
  80  5:55  SCV  
  80  5:56  SCV x2  
  85  6:02  Supply Depot  
  85  6:07  Supply Depot  
  85  6:09  Barracks Reactor x2, Marine x3  
  85  6:10  SCV  
  89  6:11  SCV  
  89  6:14  Supply Depot  
  89  6:15  Medivac  
  89  6:16  Armory  
  92  6:19  SCV  
  92  6:22  Supply Depot  
  92  6:24  Medivac, SCV  
  96  6:28  SCV  
  96  6:29  Marine x5  
  96  6:31  SCV  
  96  6:32  Widow Mine  
  105  6:36  SCV  
  105  6:37  Supply Depot  
  106  6:40  Supply Depot, SCV  
  106  6:43  SCV  
  106  6:46  Marine  
  108  6:47  Marine  
  108  6:49  Marine x7  
  117  6:56  Factory  
  117  7:04  Marine  
  118  7:14  Medivac x2  
  110  7:16  Marine x6  
  110  7:17  Marine x2  
  110  7:18  Widow Mine, Drilling Claws  
  110  7:22  Supply Depot, Marine  
  115  7:34  Marine x3  
  115  7:35  Marine x5  
  121  7:39  Terran Infantry Weapons Level 2  
  121  7:40  Terran Infantry Armor Level 2, Marine  
  121  7:41  Command Center  
  121  7:43  Refinery  
  122  7:45  Factory Reactor  
  122  7:46  Widow Mine  
  122  7:51  Combat Shield  
  124  7:52  Marine  
  124  7:57  Supply Depot x2  
  125  7:59  Marine x4  
  125  8:00  Marine  
  125  8:01  Marauder  
  125  8:04  Medivac  
  134  8:10  Medivac  
  136  8:14  Supply Depot, SCV  
  136  8:15  Supply Depot, SCV  
  135  8:28  Marauder, Marine  
  135  8:31  Widow Mine x2  
  135  8:32  Widow Mine, Marine  
  134  8:43  Marine  
  130  8:50  Marine  
  130  8:51  Marauder  
  130  8:52  Medivac x2  
  130  8:53  Widow Mine x3  
  142  8:57  Marine  
  142  9:01  SCV  
  142  9:07  SCV x2  
  142  9:08  Marine  
  144  9:10  Marine x4  
  144  9:12  Marauder  
  144  9:13  SCV  
  144  9:14  Widow Mine x3  
  153  9:21  Marine  
  153  9:23  SCV  
  153  9:24  SCV  
  155  9:25  SCV  
  155  9:27  Marine  
  155  9:28  Supply Depot, Medivac x2  
  155  9:29  Barracks x2  
  155  9:30  Barracks  
  161  9:34  Marauder, Marine  
  161  9:35  Widow Mine, SCV  
  161  9:36  SCV  
  161  9:37  SCV  
  169  9:40  Marine  
  170  9:51  Planetary Fortress  
  170  9:55  Marauder, Sensor Tower  
  171  10:03  Marine  
  171  10:06  SCV x2, Sensor Tower  
  171  10:07  SCV  
  175  10:10  Widow Mine x2, Marine  
  175  10:11  Marine x6  
  186  10:16  Marauder  
  186  10:18  SCV  
  185  10:22  Marine  
  185  10:23  Widow Mine  
  162  10:30  Marine  
  162  10:31  Widow Mine  
  162  10:32  Widow Mine, Marine  
  162  10:34  Marine  
  162  10:35  Marine  
  169  10:36  SCV x2  
  169  10:38  Marauder  
  169  10:41  Terran Infantry Weapons Level 3  
  168  10:45  Widow Mine  
  169  10:50  Marine x3  
  169  10:53  Medivac  
  169  10:54  Widow Mine x2, Medivac, Marine  
  174  10:59  Marauder, Marine  
  174  11:00  Marine x3  
  174  11:01  Marine x2  
  174  11:05  SCV  
  174  11:07  SCV, Marine  
  174  11:08  Marine x2  
  177  11:11  Marine  
  177  11:12  Marine  
  177  11:15  Command Center  
  177  11:17  Marine  
  177  11:18  Terran Infantry Armor Level 3, Marine  
  177  11:20  Marauder  
  177  11:21  Widow Mine x2  
  183  11:29  Marine  
  183  11:30  Marine  
  183  11:31  Marine x6  
  183  11:32  SCV  
  185  11:42  Marauder  
  185  11:44  Marine  
  185  11:46  Widow Mine  
  175  11:47  Marine x3  
  175  11:48  SCV, Marine  
  175  11:49  Marine  
  176  11:55  Marine x5  
  176  11:57  Liberator x2  
  185  12:03  Marauder, Marine  
  185  12:04  Supply Depot  
  185  12:05  Supply Depot  
  188  12:09  Marine  
  188  12:10  Barracks Tech Lab  
  189  12:16  Widow Mine x2  
  191  12:25  Marauder  
  191  12:29  Marauder, Marine  
  184  12:36  Marine  
  166  12:37  Marine x5  
  166  12:38  Widow Mine x2  
  166  12:39  Marine x3  
  166  12:40  Medivac x2  
  182  12:46  Marauder  
  182  12:47  Marine  
  182  12:51  Marauder  
  180  12:54  Marine x2  
  180  12:55  Marine x4  
  180  12:56  Marine  
  180  12:57  Marine x2  
  189  13:02  Missile Turret  
  189  13:04  Marine  
  190  13:07  Marauder  
  190  13:10  Medivac x2  
  190  13:12  Marauder, Marine x6  
  181  13:14  Marine  
  181  13:15  Marine x2  
  183  13:22  Planetary Fortress, Marine  
  183  13:23  SCV  
  183  13:24  SCV x2, Command Center  
  183  13:25  SCV  
  188  13:29  Marauder  
  188  13:30  Marine x4  
  188  13:31  Marine  
  188  13:33  Widow Mine x2  
  188  13:43  Marauder  
  184  13:50  Marauder  
  176  14:00  Marine x7  
  175  14:04  Marauder  
  176  14:11  Marine x3  
  176  14:12  Marauder  
  176  14:17  Marine  
  176  14:18  Marine x6  
  163  14:26  Marauder  
  163  14:29  Marine x3  
  152  14:33  Marauder  
  152  14:34  SCV  
  152  14:35  Marine  
  152  14:36  Marine x6  
  157  14:46  Marine  
  157  14:47  Marauder, Marine x2  
  157  14:49  Widow Mine x3  
  158  14:53  Marine x5  
  158  14:54  Marauder  
  165  15:01  Marine  
  165  15:02  Missile Turret  
  165  15:04  Medivac x2  
  165  15:05  Marine x4  
  174  15:08  Marauder  
  174  15:11  Widow Mine, Command Center, Marine x5  
  183  15:16  Marauder  
  183  15:19  Marine  
  183  15:20  Widow Mine x2  
  189  15:23  Marine x4  
  193  15:30  Marauder  
  193  15:35  Marine x5  
  180  15:37  Marauder, Marine  
  180  15:41  Marine x2  
  187  15:46  Marine  
  187  15:48  Marine  
  189  15:51  Marauder, Widow Mine  
  189  15:53  Marine x2  
  189  15:57  Marine  
  182  15:58  Marauder  
  182  15:59  Marine  
  167  16:05  Marine  
  168  16:13  Marauder, Marine x2  
  168  16:14  Marine x6  
  168  16:17  Marine  
  166  16:20  Marauder  
  166  16:21  Widow Mine x2  
  166  16:23  Marine  
  171  16:31  Marine x4  
  160  16:34  Marauder, Marine  
  163  16:41  Marauder  
  163  16:42  Command Center, Marine  
  165  16:47  Widow Mine x3  
  165  16:49  Medivac x2  
  175  16:55  Marauder, Marine x9  
  175  17:00  Marine  
  187  17:03  Marauder  
  189  17:13  Marine x6  
  179  17:17  Marauder  
  179  17:22  Marine  
  162  17:23  Marine x3  
  162  17:24  Marauder, SCV  
  162  17:25  SCV x3  
  172  17:30  Marine  
  172  17:31  Marine x5  
  176  17:38  Marauder  
  168  17:44  Marine  
  168  17:45  Marauder, Widow Mine x2  
  168  17:46  Widow Mine  
  168  17:47  Medivac x2  
  171  17:58  Marine x7  
  142  17:59  Marine x2  
  142  18:00  Marauder  
  142  18:02  Marine  
  143  18:07  Marauder  
  141  18:16  Marine  
  141  18:17  Medivac x2  
  146  18:20  Marine  
  146  18:21  Marauder  
  146  18:23  Marine x2  
  146  18:24  Widow Mine, Marine  
  146  18:25  Widow Mine, Marine x3  
  159  18:28  Marauder  
  159  18:31  Marine x2  
  159  18:34  Marine  
  163  18:38  Marine  
  163  18:41  Marine x2  
  143  18:42  Marauder, Marine x4  
  143  18:45  Widow Mine  
  143  18:46  Widow Mine  
  143  18:47  Medivac x2  
  158  18:49  Marine x3  
  158  18:51  Marine  
  156  19:01  Marine  
  156  19:02  Marine x6  
  158  19:04  Marauder  
  158  19:07  Marauder, Marine x2  
  163  19:17  Medivac x2, Planetary Fortress  
  163  19:21  Widow Mine x3  
  173  19:25  Marauder  
  173  19:29  Marauder  
  173  19:43  Widow Mine x2  
  172  19:54  Marauder  
  172  19:57  Marine  
  172  19:58  Marauder  
  167  20:04  Medivac x2  
  167  20:05  Marine  
  164  20:14  Marine x8  
  153  20:15  Marine  
  153  20:16  Marauder  
  153  20:19  Marine  
  153  20:21  Widow Mine  
  164  20:22  Marine  
  163  20:32  Marine x8  
  163  20:33  Marine  

Tags
 
Add a new tag
Caveats
  • Supply blocks, unpowered buildings, or Contaminate may cause inaccurate times.
  • Supply counts are checked every 10 seconds.